 Dungeon Crawl Stone Soup version 0.30-a0-385-gfebfb9b408 (webtiles) character file.

Game seed: 79950451189598418

1616 tio the Reanimator (level 8, -6/48 HPs)
             Began as a Demonspawn Necromancer on Dec 3, 2022.
             Was a Believer of Hepliaklqana.
             Mangled by a troll (9 damage)
             ... on level 6 of the Dungeon.
             The game lasted 00:53:37 (8783 turns).

tio the Reanimator (Demonspawn Necromancer)         Turns: 8783, Time: 00:53:41

Health: -6/48      AC: 11    Str:  6    XL:     8   Next: 64%
Magic:  0/17       EV: 10    Int: 22    God:    Hepliaklqana [**....]
Gold:   320        SH:  0    Dex: 13    Spells: 15/19 levels left

rFire   . . .      SeeInvis +    k - +9 rapier of Ceokhite {freeze, rN+ SInv Stlth+}
rCold   . . .      Faith    +    (no shield)
rNeg    + + .      Spirit   +    g - +5 scale mail
rPois   +          Reflect  .    (helmet restricted)
rElec   .          Harm     .    (no cloak)
rCorr   .          Rampage  .    (no gloves)
Will    .....                    (no boots)
Stlth   +++.......               d - amulet of faith
HPRegen 0.28/turn                p - ring of poison resistance
MPRegen 0.30/turn                x - ring of positive energy

@: no status effects
A: reduced essence, horns 1, magic shield, magic regeneration, sturdy frame 2,
clever 1, poison resistance, weak 1, MP-powered wands
a: Renounce Religion, Recall Ancestor, Ancestor Identity


You were on level 6 of the Dungeon.
You worshipped Hepliaklqana.
Hepliaklqana was pleased with you.
You visited 2 branches of the dungeon, and saw 7 of its levels.

You collected 424 gold pieces.
You spent 104 gold pieces at shops.

Inventory:

Hand Weapons
 h - the +2 sling of the Fresh God {flame, rElec Dex+3}
   (You found it on level 2 of the Dungeon)

   Any ammunition fired from it burns those it strikes, dealing additional fire
   damage.
   Dex:       It affects your dexterity (+3).
   rElec:     It insulates you from electricity.
 k - the +9 rapier of Ceokhite (weapon) {freeze, rN+ SInv Stlth+}
   (You found it on level 5 of the Dungeon)

   It freezes those it strikes, dealing additional cold damage.
   It can also slow down cold-blooded creatures.
   rN:        It protects you from negative energy.
   SInv:      It lets you see invisible.
   Stlth:     It makes you more stealthy.
 G - the +4 hand axe "Veps" {pain, Int+4}
   (You found it on level 6 of the Dungeon)

   In the hands of one skilled in necromantic magic, it inflicts extra damage on
   living creatures.
   Int:       It affects your intelligence (+4).
Missiles
 q - a throwing net
 s - 6 poisoned darts
Armour
 g - a +5 scale mail (worn)
Magical Staves
 c - a staff of conjuration
Jewellery
 d - an amulet of faith (around neck)
 p - a ring of poison resistance (left hand)
 x - a ring of positive energy (right hand)
Wands
 r - a wand of iceblast (20)
 y - a wand of charming (15)
 C - a wand of mindburst (4)
 E - a wand of flame (25)
Scrolls
 e - 2 scrolls of fear
 i - 2 scrolls of teleportation
 v - a scroll of noise
 w - a scroll of summoning
 A - a scroll of enchant weapon
 F - 4 scrolls of identify
 I - a scroll of amnesia {unknown}
Potions
 a - 2 potions of attraction {unknown}
 b - a potion of magic
 j - a potion of lignification
 l - a potion of flight {unknown}
 m - a potion of haste
 n - a potion of mutation
 t - 3 potions of degeneration {unknown}
 u - 2 potions of berserk rage {unknown}
 z - 3 potions of might {unknown}
 B - 2 potions of brilliance
 D - 2 potions of curing {unknown}
 H - a potion of resistance {unknown}


   Skills:
 + Level 1.5 Fighting
 + Level 0.7 Short Blades
 + Level 0.2 Axes
 + Level 3.1 Ranged Weapons
 + Level 0.9 Throwing
 + Level 2.1 Armour
 + Level 3.1 Dodging
 + Level 2.8 Stealth
 + Level 6.1 Spellcasting
 + Level 8.0 Necromancy
 + Level 0.3 Evocations


You had 15 spell levels left.
You knew the following spells:

 Your Spells              Type           Power      Damage    Failure   Level
a - Necrotise             Necr           100%       1d9       1%          1
b - Call Canine Familiar  Summ           6%         N/A       56%         3

Your spell library contained the following spells:

 Spells                   Type           Power      Damage    Failure   Level
 Vampiric Draining        Necr           41%        2d8       2%          3
 Animate Dead             Necr           41%        N/A       9%          4
 Sting                    Tmut/Pois      24%        1d4       24%         1
 Agony                    Necr           41%        N/A       24%         5
 Poisonous Vapours        Pois/Air       12%        N/A       34%         2
 Portal Projectile        Hex/Tloc       12%        N/A       56%         3
 Leda's Liquefaction      Hex/Erth       3%         N/A       93%         4
 Olgreb's Toxic Radiance  Pois           6%         N/A       93%         4


Dungeon Overview and Level Annotations

Branches:
Dungeon (6/15)             Temple (1/1) D:4

Altars:
Cheibriados
Fedhas
Gozag
Hepliaklqana
Kikubaaqudgha
Makhleb
Nemelex Xobeh
Okawaru
Qazlal
Ru
Sif Muna
Trog
Uskayaw
Vehumet
Xom

Shops:
D:1 !

Annotations:
D:3 Natasha


Innate Abilities, Weirdness & Mutations

Your life essence is reduced to manifest your ancestor. (-10% HP)
You have a pair of small horns on your head.
When hurt, damage is shared between your health and your magic reserves.
You regenerate magic rapidly.
Your movements are less encumbered by armour. (ER -4)
Your mind is acute. (Int +4, Str/Dex -1)
Your system is resistant to poisons. (rPois)
You are weak. (Str -2)
You expend magic power (3 MP) to strengthen your wands.


Message History

The troll bites you! The troll claws you. x2
* * * LOW HITPOINT WARNING * * *
Aiming: Throw Flame
Press: ? - help, Q - select action, (/) - cycle Shift-Dir - straight line, f/p - troll
Aim: a troll (severely wounded, 68% to hit)
The puff of flame hits the troll.
The troll is almost dead.
The troll bites you.
* * * LOW HITPOINT WARNING * * *
The troll claws you but does no damage. The troll claws you.
* * * LOW HITPOINT WARNING * * *
Aiming: Throw Flame
Press: ? - help, Q - select action, (/) - cycle Shift-Dir - straight line, f - you, p - troll
Okay, then.
You are too injured to fight recklessly!
Aiming: Throw Flame
Press: ? - help, Q - select action, (/) - cycle Shift-Dir - straight line, p - troll
Okay, then.
Aiming: Iceblast
Press: ? - help, Q - select action, (/) - cycle Shift-Dir - straight line, f/p - troll
Aim: a troll (almost dead) That beam is likely to hit you.
Continue anyway?
Okay, then.
Aiming: Iceblast
Press: ? - help, Q - select action, (/) - cycle Shift-Dir - straight line, p - troll
Okay, then.
Aiming: Charm
Press: ? - help, Q - select action, (/) - cycle Shift-Dir - straight line, p - troll
Okay, then.
Aiming: Mindburst
Press: ? - help, Q - select action, (/) - cycle Shift-Dir - straight line, f/p - troll
Aim: a troll (almost dead, chance to affect: 66%)
Okay, then.
Hit: k) +9 rapier of Ceokhite {freeze, rN+ SInv Stlth+}
Press: ? - help, Dir - move target, f/p - troll
Aim: a troll (almost dead, about 31% to evade the +9 rapier of Ceokhite)
You barely miss the troll.
The troll is almost dead.
The troll bites you!
You die...

# ##.#...#### #...#
#### # #.#...# ##.####
# ### #.#...# ## #
#....####### ..#
#.##### .##.
#........).(
#.######.# ..#
#.....##.###
.........#
#§#§##.........#
#.######## ##
####§§###.#..##.#.#
#.#
#.##§#T##.#.....##.#.#
..# #.#R#@##
#........... ###
#.###§#####.#######...
#.##§§§..##.# #..#.
#..§#§§#.##.# #....
#.§§§§§§.##.######.###
#§§###§##.....##......
#§§...§##.....##.#.###
##.######.....##.#.###
#.# #.....##.#..##


You could see a troll.

Vanquished Creatures
  A wraith (D:6)
  A yak (D:6)
  A sky beast (D:6)
  An ice beast (D:4)
  2 black bears (D:6)
  A bullfrog (D:6)
  2 orc priests
  Ijyb (D:4)
  3 iguanas
  Natasha (twice) (D:3)
  12 orc wizards
  8 gnolls
  5 adders
  A white imp (D:5)
  2 ufetubi (D:5)
  A worm (D:3)
  3 dart slugs
  33 orcs
  7 ball pythons
  11 endoplasms
  4 giant cockroaches
  9 goblins
  4 hobgoblins
  7 jackals
  7 kobolds
  5 quokkas
  4 bats
  7 frilled lizards
  9 rats
154 creatures vanquished.

Vanquished Creatures (collateral kills)
  A jelly (D:6)
  An iguana (D:6)
  A white imp (D:6)
  An orc (D:3)
  A goblin (D:4)
  A frilled lizard (D:3)
6 creatures vanquished.

Vanquished Creatures (others)
  An ancestor (D:5)
  A knight (D:6)
2 creatures vanquished.

Grand Total: 162 creatures vanquished

Notes
Turn   | Place    | Note
-------+----------+-------------------------------------------
     0 | D:1      | tio the Demonspawn Necromancer began the quest for the Orb.
     0 | D:1      | Reached XP level 1. HP: 13/13 MP: 3/3
   239 | D:1      | Gained mutation: Your movements are slightly less
                  | encumbered by armour. (ER -2) [demonic ancestry]
   239 | D:1      | Reached XP level 2. HP: 19/19 MP: 3/5
   627 | D:1      | Reached skill level 5 in Necromancy
  1027 | D:1      | Found Pularch's Distillery.
  1030 | D:1      | Reached XP level 3. HP: 24/24 MP: 4/6
  1631 | D:2      | Reached XP level 4. HP: 30/30 MP: 5/8
  1701 | D:2      | Identified the +2 sling of the Fresh God {flame, rElec
                  | Dex+3}
  1708 | D:2      | Learned a level 3 spell: Call Canine Familiar
  1924 | D:1      | Bought a potion of mutation for 104 gold pieces
  2006 | D:2      | Gained mutation: Your muscles are strong. (Str +4, Int/Dex
                  | -1) [potion of mutation]
  2006 | D:2      | Gained mutation: Your spells are a little easier to cast,
                  | but a little less powerful. [potion of mutation]
  2007 | D:2      | Lost mutation: Your muscles are strong. (Str +4, Int/Dex
                  | -1) [potion of mutation]
  2007 | D:2      | Lost mutation: Your spells are a little easier to cast, but
                  | a little less powerful. [potion of mutation]
  2007 | D:2      | Gained mutation: You expend magic power (3 MP) to
                  | strengthen your wands. [potion of mutation]
  2007 | D:2      | Gained mutation: Your system is resistant to poisons.
                  | (rPois) [potion of mutation]
  2007 | D:2      | Gained mutation: You are weak. (Str -2) [potion of
                  | mutation]
  2007 | D:2      | Gained mutation: Your mind is acute. (Int +4, Str/Dex -1)
                  | [potion of mutation]
  2460 | D:3      | Gained mutation: You have a pair of small horns on your
                  | head. [demonic ancestry]
  2460 | D:3      | Reached XP level 5. HP: 28/35 MP: 4/10
  3387 | D:3      | Noticed Natasha
  3395 | D:3      | Killed Natasha
  3396 | D:3      | Reached skill level 1 in Ranged Weapons
  3396 | D:3      | Gained mutation: You regenerate magic rapidly. [demonic
                  | ancestry]
  3396 | D:3      | Reached XP level 6. HP: 25/41 MP: 5/11
  3538 | D:3      | Noticed Natasha
  3544 | D:3      | Killed Natasha
  3956 | D:3      | Noticed Natasha
  5329 | D:4      | Reached skill level 6 in Necromancy
  5775 | D:4      | Found a staircase to the Ecumenical Temple.
  5851 | D:4      | Noticed an ice beast
  5863 | D:4      | Killed an ice beast
  5864 | D:4      | Gained mutation: Your movements are less encumbered by
                  | armour. (ER -4) [demonic ancestry]
  5864 | D:4      | Reached XP level 7. HP: 31/47 MP: 5/13
  6272 | D:4      | Found a stormy altar of Qazlal.
  6272 | D:4      | Found a shimmering altar of Xom.
  6272 | D:4      | Found a burning altar of Makhleb.
  6471 | D:4      | Noticed Ijyb
  6501 | D:4      | Killed Ijyb
  6822 | Temple   | Entered the Ecumenical Temple
  7058 | Temple   | Became a worshipper of Hepliaklqana the Forgotten
  7156 | D:5      | Entered Level 5 of the Dungeon
  7207 | D:5      | Reached skill level 1 in Fighting
  7239 | D:5      | Reached skill level 1 in Armour
  7447 | D:5      | Identified the +9 rapier of Ceokhite {freeze, rN+ SInv
                  | Stlth+}
  7545 | D:5      | Reached * piety under Hepliaklqana
  7656 | D:5      | Reached skill level 7 in Necromancy
  8084 | D:6      | Gained mutation: When hurt, damage is shared between your
                  | health and your magic reserves. [demonic ancestry]
  8084 | D:6      | Reached XP level 8. HP: 25/48 MP: 7/15
  8205 | D:6      | Reached skill level 5 in Spellcasting
  8329 | D:6      | Identified the +4 hand axe "Veps" {pain, Int+4}
  8585 | D:6      | Reached ** piety under Hepliaklqana
  8586 | D:6      | Remembered your ancestor Audrea as a knight
  8763 | D:6      | Noticed a troll
  8777 | D:6      | Reached skill level 8 in Necromancy
  8783 | D:6      | Mangled by a troll

Illustrated notes

Levels and vault maps discovered:
D:1:      minmay_arrival_jagged, layout_basic, serial_shops, shop_fountains,
          minmay_misc_feat_tower
D:2:      layout_rooms
D:3:      layout_basic, minmay_mini_jars, uniq_natasha
D:4:      kennysheep_goblin_castle, layout_basic,
          gammafunk_temple_overflow_claw, minmay_temple_entry_poolview
D:5:      layout_loops_ring, minmay_misc_feat_secret_circle, chequers_garden,
          kennysheep_cross_room
D:6:      minmay_cornered_nines, layout_loops_cross, hangedman_decor_riveting,
          minmay_misc_feat_diagonals
Temple:   eino_temple_water

Skill      XL: |  1  2  3  4  5  6  7  8 |
---------------+-------------------------+-----
Necromancy     | 5 6 7 8 |  8.0
Spellcasting   | 3 4 6 |  6.1
Stealth        | 2 |  2.8
Dodging        | 2 3 |  3.1
Ranged Weapons | 1 2 3 |  3.1
Fighting       | 1 |  1.5
Armour         | 1 2 |  2.1
Short Blades   | |  0.7
Axes           | |  0.2
Throwing       | |  0.9
Evocations     | |  0.3

Action                   |  1- 3 |  4- 6 |  7- 9 || total
-------------------------+-------+-------+-------++-------
Melee: Unarmed           |     2 |       |       ||     2
       Hand axe          |     4 |     5 |       ||     9
       Short sword       |     1 |       |       ||     1
       Sling             |       |     2 |     5 ||     7
       Rapier            |       |       |    19 ||    19
       Headbutt          |       |       |     3 ||     3
 Fire: Sling             |       |    76 |    43 ||   119
Throw: Dart              |       |       |    14 ||    14
       Throwing net      |       |       |     2 ||     2
 Cast: Necrotise         |    69 |   106 |   116 ||   291
Invok: Ancestor Life: Kn |       |       |     1 ||     1
Evoke: Wand              |       |     1 |    10 ||    11
  Use: Scroll            |       |     6 |     8 ||    14
       Potion            |       |     4 |     4 ||     8
Armor: Robe              |     2 |     1 |       ||     3
       Scale mail        |       |    69 |    69 ||   138
       Skin              |       |       |    27 ||    27
Dodge: Dodged            |    15 |    30 |    74 ||   119

Table legend: (Time is in decaauts)
 A = Elapsed time spent in this place.
 B = Non-inter-level travel time spent in this place.
 C = Inter-level travel time spent in this place.
 D = Time resting spent in this place.
 E = Time spent auto-exploring this place.
 F = Levels seen in this place.
 G = Mean time per level.
                   A        B        C        D        E       F      G
               +--------+--------+--------+--------+--------+-----+--------+
         Total |   8834 |   6339 |   2495 |      0 |   5293 |   7 | 1262.0 |
       Dungeon |   8586 |   6159 |   2427 |      0 |   5127 |   6 | 1431.0 |
        Temple |    247 |    179 |     68 |      0 |    166 |   1 |  247.0 |
               +--------+--------+--------+--------+--------+-----+--------+

Top non-repeatable levels by time:
     D:3: 3313 daAuts
     D:4: 1620 daAuts
     D:1: 1197 daAuts
     D:5: 837 daAuts
     D:2: 812 daAuts
     D:6: 805 daAuts
  Temple: 247 daAuts
